 Dungeon Crawl Stone Soup version 0.29-a0-271-gd4eb659eea (webtiles) character file.

Game seed: 9325834903922365881

135 spaghetti the Bolt Thrower (level 4, -5/39 HPs)
             Began as a Deep Dwarf Hunter on Mar 8, 2022.
             Slain by a yak (7 damage)
             ... on level 3 of the Dungeon.
             The game lasted 00:03:09 (1885 turns).

spaghetti the Bolt Thrower (Deep Dwarf Hunter)      Turns: 1885, Time: 00:03:09

Health: -5/39      AC:  4    Str: 14 (17) XL:     4   Next: 97%
Magic:  4/4        EV: 11    Int: 11 (12) God:
Gold:   124        SH:  0    Dex: 12 (13) Spells: 3/3 levels left

rFire   . . .      SeeInvis .   a - +1 hand crossbow {crossbow}
rCold   . . .      Faith    .   (no shield)
rNeg    . . .      Spirit   .   b - +1 leather armour
rPois   .          Reflect  .   (no helmet)
rElec   .          Harm     .   (no cloak)
rCorr   .          Rampage  .   (no gloves)
Will    .....                   (no boots)
Stlth   +.........              (no amulet)
HPRegen 0.00/turn               (no ring)
MPRegen 0.09/turn               (no ring)

@: no status effects
A: damage resistance, heal wounds, sense surroundings 1, no regeneration
a: Heal Wounds


You were on level 3 of the Dungeon.
You visited 1 branch of the dungeon, and saw 4 of its levels.

You collected 124 gold pieces.


Innate Abilities, Weirdness & Mutations

You are resistant to damage.
You can heal yourself by infusing magical energy.
You passively map a small area around you.
You do not regenerate.


   Skills:
 - Level 1.7 Fighting
 + Level 6.9 Crossbows
 - Level 2.1 Dodging
 - Level 1.2 Stealth


You had 3 spell levels left.
You didn't know any spells.
Your spell library contained the following spells:

 Spells                   Type           Power      Damage    Failure   Level
 Summon Small Mammal      Summ           0%         N/A       41%         1
 Call Canine Familiar     Summ           0%         N/A       80%         3
 Summon Guardian Golem    Hex/Summ       0%         N/A       80%         3

Inventory:

Hand Weapons
 a - a +1 hand crossbow (weapon) {crossbow}
Missiles
 d - 50 stones {throwing}
 n - 2 poisoned darts {throwing}
Armour
 b - a +1 leather armour (worn)
Jewellery
 k - a ring of fire
   (You found it on level 2 of the Dungeon)
Wands
 s - a wand of flame (16)
   (You found it on level 3 of the Dungeon)
Scrolls
 c - a scroll of immolation {!r!r}
 e - a scroll of enchant weapon
 g - 3 scrolls of identify {@r1}
 h - 2 scrolls of blinking {!r}
 i - 2 scrolls of enchant armour
 o - a scroll of silence {!r}
Potions
 j - a potion of degeneration {!q@e2}
 m - 2 potions of heal wounds {unknown}
 p - a potion of magic {unknown}
 q - a potion of mutation {unknown}
 r - 2 potions of haste {unknown}
 t - 2 potions of brilliance {unknown}

Dungeon Overview and Level Annotations

Branches:
Dungeon (4/15)
 Temple: D:4-7

Altars:

#.# #.......###....##.# #.#
#.......# #.#...#.# ##.#
#.......# #.......#
#..####.......# #......<#
#.#...........# ##.....##
#.#.####....### ##<..##
#.#.####.#.## ##.## #.....##.#Y#
* ####.# ###.#.##.#@# , ..#.#
######.)....)#.#.#####.#.#
###............#.#.......#.## ##
....###..##.##.#.#.##.[.....####.
....# #..##.........>.#..#.#.##..
##..###..#####.#.#.####...###...#
##.......#####.#.#....)..##.....#
##.#..#...........#######.#.#...#
...#.##.#######...# ##...##..


You could see a yak.


Message History

Shoot: a) +1 hand crossbow {crossbow}
Press: ? - help, Q - select action, (/) - cycle Shift-Dir - straight line, f - you That would be overly suicidal.
Okay, then.
Shoot: a) +1 hand crossbow {crossbow}
Press: ? - help, Q - select action, (/) - cycle Shift-Dir - straight line, f - you That would be overly suicidal.
Okay, then.
A yak comes into view.
You see here a ball python corpse.
Unknown command.
A yak is nearby!
A yak is nearby!
Shoot: a) +1 hand crossbow {crossbow}
Press: ? - help, Q - select action, (/) - cycle Shift-Dir - straight line, f - yak
Aim: a yak (asleep, 98% to hit)
You shoot a bolt. The bolt hits the yak.
The yak bellows!
You hear a bellow!
You hear a shout!
A yak comes into view.
Shoot: a) +1 hand crossbow {crossbow}
Press: ? - help, Q - select action, (/) - cycle Shift-Dir - straight line, f/p - yak
Aim: a yak (lightly wounded, 73% to hit)
You shoot a bolt. The bolt hits the yak.
A yak comes into view.
Shoot: a) +1 hand crossbow {crossbow}
Press: ? - help, Q - select action, (/) - cycle Shift-Dir - straight line, f/p - yak
Aim: a yak (lightly wounded, 73% to hit)
You shoot a bolt. The yak bellows!
The bolt hits the yak but does no damage.
You hear a bark!
Shoot: a) +1 hand crossbow {crossbow}
Press: ? - help, Q - select action, (/) - cycle Shift-Dir - straight line, f/p - yak
Aim: a yak (lightly wounded, 73% to hit)
You shoot a bolt. The bolt hits the yak.
Shoot: a) +1 hand crossbow {crossbow}
Press: ? - help, Q - select action, (/) - cycle Shift-Dir - straight line, f/p - yak
Aim: a yak (moderately wounded, 73% to hit)
You shoot a bolt. The bolt hits the yak.
A kobold comes into view. It is wielding a +0 whip.
There is a stone staircase leading up here.
The yak barely misses you.
You climb upwards.
There is a stone staircase leading down here.
Shoot: a) +1 hand crossbow {crossbow}
Press: ? - help, Q - select action, (/) - cycle Shift-Dir - straight line, f - yak
Aim: a yak (moderately wounded, 73% to hit)
You shoot a bolt. The bolt hits the yak.
The yak gores you! 😮 HP[-11]
You take 11 damage, and now have 28/39 hp.
MASSIVE DAMAGE!! (PAUSE) Shoot: a) +1 hand crossbow {crossbow}
Press: ? - help, Q - select action, (/) - cycle Shift-Dir - straight line, f/p - yak
Aim: a yak (heavily wounded, 73% to hit)
You shoot a bolt.
The bolt hits the yak but does no damage.
The yak gores you! 😮 HP[-6]
You take 6 damage, and now have 22/39 hp.
Shoot: a) +1 hand crossbow {crossbow}
Press: ? - help, Q - select action, (/) - cycle Shift-Dir - straight line, f/p - yak
Aim: a yak (heavily wounded, 73% to hit)
You shoot a bolt. The bolt hits the yak!
The yak barely misses you.
Shoot: a) +1 hand crossbow {crossbow}
Press: ? - help, Q - select action, (/) - cycle Shift-Dir - straight line, f/p - yak
Aim: a yak (severely wounded, 73% to hit)
You shoot a bolt. The bolt hits the yak.
The yak gores you!
* * * LOW HITPOINT WARNING * * *
😨 HP[-9]
You take 9 damage, and now have 13/39 hp.
MASSIVE DAMAGE!! (PAUSE) Shoot: a) +1 hand crossbow {crossbow}
Press: ? - help, Q - select action, (/) - cycle Shift-Dir - straight line, f/p - yak
Aim: a yak (severely wounded, 73% to hit)
You shoot a bolt. The bolt barely misses the yak.
The yak gores you!
* * * LOW HITPOINT WARNING * * *
The yak gores you.
* * * LOW HITPOINT WARNING * * *
😱 HP[-11]
You take 11 damage, and now have 2/39 hp.
MASSIVE DAMAGE!! (PAUSE)
Okay, then.
Okay, then.
Shoot: a) +1 hand crossbow {crossbow}
Press: ? - help, Q - select action, (/) - cycle Shift-Dir - straight line, f/p - yak
Aim: a yak (severely wounded, 73% to hit)
You shoot a bolt. The bolt hits the yak.
The yak barely misses you.
Shoot: a) +1 hand crossbow {crossbow}
Press: ? - help, Q - select action, (/) - cycle Shift-Dir - straight line, f/p - yak
Aim: a yak (almost dead, 73% to hit)
You shoot a bolt.
The bolt hits the yak but does no damage.
The yak gores you!
You die...

Skill      XL: |  1  2  3 |
---------------+----------+-----
Crossbows      | 5 6 |  6.9
Fighting       | |  1.7
Dodging        | |  2.1
Stealth        | |  1.2

Action                   |  1- 3 |  4- 6 || total
-------------------------+-------+-------++-------
 Fire: Hand crossbow     |    53 |   108 ||   161
  Use: Scroll            |     3 |     3 ||     6
       Potion            |       |     3 ||     3
Armor: Leather armour    |       |    10 ||    10
Dodge: Dodged            |     2 |    25 ||    27

Levels and vault maps discovered:
D:1:      dpeg_arrival_simpleton_a, layout_basic, minmay_pentomino_w4
D:2:      layout_loops_ring, ebering_ecumenical_altar_hall,
          chequers_serial_rivers_micro_d, uniq_terence, uniq_jessica
D:3:      layout_loops_cross, kennysheep_generic_room_2
D:4:      layout_loops_cross, mainiacjoe_overflow_alcove_2,
          ebering_ghost_rock_garden

Notes
Turn   | Place    | Note
-------+----------+-------------------------------------------
     0 | D:1      | spaghetti the Deep Dwarf Hunter began the quest for the
                  | Orb.
     0 | D:1      | Reached XP level 1. HP: 19/19 MP: 1/1
     0 | D:1      | magus.rc [v1.9.6]
   104 | D:1      | Reached XP level 2. HP: 26/26 MP: 2/2
   111 | D:1      | Reached skill level 5 in Crossbows
   528 | D:2      | Noticed Terence
   535 | D:2      | Killed Terence
   536 | D:2      | Reached XP level 3. HP: 32/32 MP: 3/3
   545 | D:2      | Noticed Jessica
   552 | D:2      | Killed Jessica
   553 | D:2      | Reached skill level 6 in Crossbows
   553 | D:2      | Reached XP level 4. HP: 39/39 MP: 4/4
   572 | D:2      | Found a faded altar of an unknown god.
  1561 | D:3      | You pick up a book of Callings and begin reading...
  1561 | D:3      | You add the spells Summon Small Mammal, Call Canine
                  | Familiar and Summon Guardian Golem to your library.
  1869 | D:4      | Noticed a yak
  1870 | D:4      | Noticed a yak
  1871 | D:4      | Noticed a yak
  1883 | D:3      | HP: 5/39 [yak (8)]
  1883 | D:3      | HP: 2/39 [yak (3)]
  1885 | D:3      | Slain by a yak

Vanquished Creatures
  Jessica (D:2)
  Terence (D:2)
  2 adders (D:2)
  A worm (D:2)
  2 dart slugs (D:3)
  An orc (D:3)
  7 ball pythons
  4 bats
  9 endoplasms
  2 giant cockroaches
  7 goblins
  2 hobgoblins (D:3)
  4 quokkas
  2 frilled lizards
  3 kobolds
  7 rats
55 creatures vanquished.

Vanquished Creatures (collateral kills)
  An orc (D:3)
1 creature vanquished.

Grand Total: 56 creatures vanquished

Table legend:
 A = Non-vault XP
 B = Vault XP
 C = Vault XP percentage of total XP
 D = Non-vault monster count
 E = Vault monster count
 F = Vault count percentage of total count
                 A         B        C        D         E       F
            +---------+---------+-------+---------+---------+-------
      Total |     110 |      84 |  43.3 |      47 |       9 |  16.1
            +---------+---------+-------+---------+---------+-------
        D:1 |      32 |       5 |  13.5 |      19 |       4 |  17.4
        D:2 |      55 |      73 |  57.0 |      18 |       2 |  10.0
        D:3 |      22 |       6 |  21.4 |       9 |       3 |  25.0
        D:4 |       1 |       0 |   0.0 |       1 |       0 |   0.0
            +---------+---------+-------+---------+---------+-------

Illustrated notes

Table legend:
 A = Kills in this place as a percentage of kills in entire the game.
 B = Kills by you in this place as a percentage of kills by you in the entire game.
 C = Kills by friends in this place as a percentage of kills by friends in the entire game.
 D = Other kills in this place as a percentage of other kills in the entire game.
 E = Experience gained in this place as a percentage of experience gained in the entire game.
 F = Experience gained in this place divided by the number of levels of this place that you have seen.
                   A       B       C       D       E      F
               +-------+-------+-------+-------+-------+----------------------
         Total | 100.0 | 100.0 | 100.0 |   N/A | 100.0 |  48.5
       Dungeon | 100.0 | 100.0 | 100.0 |   N/A | 100.0 |  48.5
               +-------+-------+-------+-------+-------+----------------------

Table legend: (Time is in decaauts)
 A = Elapsed time spent in this place.
 B = Non-inter-level travel time spent in this place.
 C = Inter-level travel time spent in this place.
 D = Time resting spent in this place.
 E = Time spent auto-exploring this place.
 F = Levels seen in this place.
 G = Mean time per level.
                   A        B        C        D        E       F      G
               +--------+--------+--------+--------+--------+-----+--------+
         Total |   1919 |   1865 |     54 |    103 |   1451 |   4 |  479.8 |
       Dungeon |   1919 |   1865 |     54 |    103 |   1451 |   4 |  479.8 |
               +--------+--------+--------+--------+--------+-----+--------+

Top non-repeatable levels by time:
     D:3: 738 daAuts
     D:2: 641 daAuts
     D:1: 526 daAuts
     D:4: 13 daAuts
